 Dungeon Crawl Stone Soup version 0.17.2-1-ge4368a0 (webtiles) character file.

551 Charly the Insei (level 7, -4/35 HPs)
             Began as a Vine Stalker Transmuter on July 9, 2017.
             Was an Initiate of Cheibriados.
             Shot with an arrow by a centaur (9 damage)
             ... on level 6 of the Dungeon.
             The game lasted 00:13:41 (834 turns).

Charly the Insei (Vine Stalker Transmuter)           Turns: 834, Time: 00:13:42

Health: -4/35      AC:  3    Str: 14    XL:     7   Next: 29%
Magic:  0/11       EV: 12    Int: 15    God:    Cheibriados [......]
Gold:   67         SH:  0    Dex: 16    Spells: 3 memorised, 4 levels left

rFire  . . .     SeeInvis .       - Unarmed
rCold  . . .     Clarity  .     b - +0 robe
rNeg   + . .     SustAt   .     (no shield)
rPois  .         Gourm    .     i - +0 helmet
rElec  .         Spirit   +     (no cloak)
rCorr  .         Warding  .     (no gloves)
rMut   .         Stasis   .     (no boots)
MR     .....                    (no amulet)
Stlth  +.........               (no ring)
                                l - ring of positive energy

@: very slow, not resistant to hostile enchantments, very unstealthy
A: fangs 2, regeneration 2, magic shield, antimagic bite, no device heal 3, rot
immunity
a: Bend Time, Renounce Religion


You were on level 6 of the Dungeon.
You worshipped Cheibriados.
Cheibriados was noncommittal.
You were not hungry.

You visited 2 branches of the dungeon, and saw 9 of its levels.

You collected 67 gold pieces.

Inventory:

Missiles
 a - 28 arrows
Armour
 b - a +0 robe (worn)
 i - a +0 helmet (worn)
Jewellery
 l - a ring of positive energy (left hand)
 m - an uncursed ring of positive energy
Wands
 n - a wand of cold (10)
 q - a wand of paralysis (3)
Scrolls
 f - a scroll of identify
 o - 2 scrolls of remove curse
Potions
 e - a potion of flight {unknown}
 g - 3 potions of curing
 h - a potion of lignification {unknown}
 j - a potion of resistance {unknown}
 k - a potion of invisibility {unknown}
Books
 c - a book of Changes

   Spells                             Type                      Level
   a - Beastly Appendage              Transmutation                1
   b - Sticks to Snakes               Transmutation                2
   c - Spider Form                    Transmutation/Poison         3
   d - Ice Form                       Ice/Transmutation            4
   e - Blade Hands                    Transmutation                5
Comestibles
 d - a bread ration
 p - 2 meat rations


   Skills:
 - Level 2.0 Fighting
 - Level 1.5 Dodging
 + Level 6.9 Unarmed Combat
 - Level 2.1 Spellcasting
 - Level 3.2 Transmutations
 - Level 2.2 Poison Magic


You had 4 spell levels left.
You knew the following spells:

 Your Spells              Type           Power        Failure   Level  Hunger
a - Beastly Appendage     Trmt           ##....       8%          1    #......
s - Sticks to Snakes      Trmt           ##........   12%         2    ###....
S - Spider Form           Trmt/Pois      #.........   24%         3    ###....


Dungeon Overview and Level Annotations

Branches:
Dungeon (8/15)             Temple (1/1) D:6
   Lair: D:8-11

Altars:
Cheibriados
Dithmenos
Fedhas
Kikubaaqudgha
Nemelex Xobeh
Okawaru
Ru


Innate Abilities, Weirdness & Mutations

You have extremely sharp teeth.
You heal very quickly.
When hurt, damage is shared between your health and your magic reserves.
Your bite disrupts and absorbs the magic of your enemies.
Potions and wands cannot restore your health.
You are immune to rotting.


Message History

The arrow burns you.
* * * LOW HITPOINT WARNING * * *
Evoke which item? (* to show all) (? for menu, Esc to quit)
Zapping:
q - a wand of paralysis (5)
Press: ? - help, Shift-Dir - straight line, f/p - centaur
Aim: a centaur, wielding a shortbow of flaming (chance to defeat MR: 46%)
The centaur resists with some effort.
This wand has 4 charges left.
The centaur shoots an arrow.
The arrow hits you!
* * * LOW HITPOINT WARNING * * *
The arrow burns you.
* * * LOW HITPOINT WARNING * * *
A worker ant comes into view.
Evoke which item? (* to show all) (? for menu, Esc to quit)
Zapping:
q - a wand of paralysis (4)
Press: ? - help, Shift-Dir - straight line, f/p - centaur
Aim: a centaur, wielding a shortbow of flaming (chance to defeat MR: 46%)
The centaur resists with some effort.
This wand has 3 charges left.
The worker ant twitches its antennae in your direction.
The centaur shoots an arrow.
The arrow hits you!
You die...

## .# #.## #.. .. . ....
#.# ..#.#..# #.#
###..#.#..## #!#
#.......... #.#
#.#..#.#..#
.########.###.#..#.#..##
.ac....@(............>..
.####.###.##...#...#.###
# #.##............
#.).............
#..........#..P. ......#
#!.........#.P.P ......#
# #..........#...>
......#.##
...##.>.##.##)).P
...(..#..
###.##...##.##)..P


You could see a centaur and a worker ant.

Vanquished Creatures
  The ghost of Charly the Ruffian, an amateur VSWr (D:5)
  An ice beast (D:6)
  An orc warrior (D:6)
  Blork the orc (D:6)
  The ghost of Charly the Ruffian, an amateur VSTm (D:4)
  2 orc wizards (D:6)
  A hound (D:4)
  2 adders
  An orc (D:6)
  A ball python (D:2)
  3 bats (D:2)
  A hobgoblin (D:3)
  3 jackals (D:4)
  A kobold (D:1)
  2 giant geckos (D:1)
  3 giant newts
  A goblin (D:3)
  3 rats
29 creatures vanquished.

Vanquished Creatures (collateral kills)
  An adder (D:3)
1 creature vanquished.

Grand Total: 30 creatures vanquished

Notes
Turn   | Place    | Note
--------------------------------------------------------------
     0 | D:1      | Charly the Vine Stalker Transmuter began the quest for the Orb.
     0 | D:1      | Reached XP level 1. HP: 9/9 MP: 4/4
   135 | D:2      | Reached XP level 2. HP: 12/14 MP: 6/6
   177 | D:2      | Learned a level 2 spell: Sticks to Snakes
   457 | D:3      | Reached skill level 4 in Unarmed Combat
   457 | D:3      | Reached XP level 3. HP: 8/17 MP: 2/7
   480 | D:4      | Learned a level 3 spell: Spider Form
   486 | D:4      | Noticed Charly's ghost (amateur VSTm)
   517 | D:4      | Killed Charly's ghost
   517 | D:4      | Reached skill level 1 in Poison Magic
   517 | D:4      | Reached XP level 4. HP: 14/21 MP: 0/8
   546 | D:4      | Reached XP level 5. HP: 17/25 MP: 1/9
   569 | D:5      | Entered Level 5 of the Dungeon
   595 | D:5      | Found an ancient bone altar of Kikubaaqudgha.
   596 | D:5      | Found an iron altar of Okawaru.
   597 | D:5      | Found a blossoming altar of Fedhas.
   614 | D:5      | Found a sacrificial altar of Ru.
   633 | D:5      | Noticed Charly's ghost (amateur VSWr)
   647 | D:5      | Killed Charly's ghost
   647 | D:5      | Gained mutation: You heal very quickly. [Vine Stalker growth]
   647 | D:5      | Reached XP level 6. HP: 28/30 MP: 10/10
   663 | D:7      | para+cold
   694 | D:6      | Found a staircase to the Ecumenical Temple.
   694 | D:6      | Noticed an ice beast
   702 | Temple   | Entered the Ecumenical Temple
   725 | Temple   | Became a worshipper of Cheibriados the Contemplative
   755 | D:6      | Killed an ice beast
   755 | D:6      | Reached skill level 5 in Unarmed Combat
   760 | D:6      | Noticed an orc warrior
   779 | D:6      | Reached skill level 6 in Unarmed Combat
   788 | D:6      | Killed an orc warrior
   788 | D:6      | Reached XP level 7. HP: 25/35 MP: 5/11
   817 | D:6      | Noticed Blork the orc
   825 | D:6      | Killed Blork the orc
   830 | D:6      | Noticed a centaur
   834 | D:6      | Shot with an arrow by a centaur

Action                   |  1- 3 |  4- 6 |  7- 9 || total
-------------------------+-------+-------+-------++-------
Melee: Unarmed           |    64 |    47 |    13 ||   124
 Cast: Sticks to Snakes  |     3 |       |       ||     3
       Spider Form       |     1 |     2 |     1 ||     4
Evoke: Wand              |       |     5 |     5 ||    10
  Use: Scroll            |     1 |     5 |       ||     6
 Stab: Sleeping          |       |     1 |       ||     1
       Paralysed         |       |    17 |       ||    17
  Eat: Chunk             |       |       |     1 ||     1
